 Dungeon Crawl Stone Soup version 0.26-a0-466-g989023bd0d (webtiles) character file.

Game seed: 5940070026944322483

5550 kae the Cleaver (level 10, -12/94 HPs)
             Began as a Hill Orc Fighter on Aug 3, 2020.
             Was an Elder of Qazlal.
             Killed by divine providence
             ... invoked by an orc priest
              (14 damage)
             ... on level 10 of the Dungeon.
             The game lasted 00:08:30 (10181 turns).

kae the Cleaver (Hill Orc Fighter)                 Turns: 10181, Time: 00:08:32

Health: -12/94     AC:  6    Str: 23    XL:     10   Next: 71%
Magic:  16/16      EV:  7    Int:  8    God:    Qazlal [****..]
Gold:   447        SH: 13    Dex: 10    Spells: 9/9 levels left

rFire    . . .     SeeInvis .   a - +2 war axe
rCold    + . .     Faith    .   c - +0 kite shield
rNeg     . . .     Spirit   .   b - +0 scale mail
rPois    .         Reflect  .   (no helmet)
rElec    .         Harm     .   (no cloak)
rCorr    .                      (no gloves)
MR       +....                  (no boots)
Stlth    ..........             s - amulet of the acrobat
HPRegen  0.25/turn              k - ring of protection from cold
MPRegen  0.15/turn              u - ring of protection from magic

@: heavily drained, repel missiles
A: no striking features
a: Upheaval, Elemental Force, Renounce Religion, Convert to Beogh


You were on level 10 of the Dungeon.
You worshipped Qazlal.
Qazlal was greatly pleased with you.
You visited 2 branches of the dungeon, and saw 11 of its levels.

You collected 447 gold pieces.

Inventory:

Hand Weapons
 a - a +2 war axe (weapon)
Armour
 b - a +0 scale mail (worn)
 c - a +0 kite shield (worn)
Jewellery
 k - a ring of protection from cold (left hand)
 s - an amulet of the acrobat (around neck)
 u - a ring of protection from magic (right hand)
 y - an uncursed ring of resist corrosion
 C - an uncursed amulet of faith
 E - an uncursed ring of protection from magic
Wands
 g - a wand of polymorph (7)
 m - a wand of disintegration (6)
 p - a wand of flame (12)
 v - a wand of paralysis (9)
 w - a wand of iceblast (27)
Scrolls
 d - 3 scrolls of magic mapping
 h - 4 scrolls of remove curse
 i - a scroll of blinking
 j - 3 scrolls of teleportation
 l - 3 scrolls of immolation
 o - a scroll of fear
 B - a scroll of amnesia
Potions
 e - 2 potions of stabbing
 f - 4 potions of curing
 n - a potion of resistance
 q - 2 potions of cancellation
 r - 2 potions of heal wounds
 t - 2 potions of mutation {unknown}
 z - a potion of brilliance {unknown}
 F - a potion of flight {unknown}
 G - a potion of might


   Skills:
 + Level 10.3(8.2) Fighting
 * Level 14.5(12.2) Axes
 - Level 3.2(1.5) Armour
 - Level 3.2(1.5) Shields
 + Level 8.7(6.7) Invocations


You had 9 spell levels left.
You didn't know any spells.
Your spell library contained the following spells:

 Spells                   Type           Power        Failure   Level
 Confusing Touch          Hex            #.......     100%        3
 Gell's Gravitas          Tloc           #.........   100%        3
 Petrify                  Tmut/Erth      #.......     100%        4
 Metabolic Englaciation   Hex/Ice        #.........   100%        5
 Yara's Violent Unravell  Hex/Tmut       #.........   100%        5


Dungeon Overview and Level Annotations

Branches:
Dungeon (10/15)            Temple (1/1) D:4             Orc (0/2) D:9
   Lair: D:8-11

Altars:
Ashenzari
Cheibriados
Dithmenos
Elyvilon
Fedhas
Gozag
Hepliaklqana
Kikubaaqudgha
Makhleb
Nemelex Xobeh
Okawaru
Qazlal
Ru
Sif Muna
Trog
Uskayaw
Vehumet
Wu Jian
Xom
Yredelemnul
Zin
The Shining One
Beogh

Shops:
D:5 (   D:8 :

Annotations:
D:3 2 transporters, Sassenached's ghost, weakling DgWn


Message History

* * * LOW HITPOINT WARNING * * *
You feel drained.
You slash the wight!
You destroy the wight!
Qazlal accepts your kill.
You closely miss the wight.
The orc wizard gestures wildly while chanting.
The orc wizard seems to speed up.
The wight hits you with a +3 mace of freezing!
* * * LOW HITPOINT WARNING * * *
You feel drained.
* * * LOW HITPOINT WARNING * * *
The wight freezes you.
* * * LOW HITPOINT WARNING * * *
The orc wizard casts a spell at you. The magic dart hits you.
* * * LOW HITPOINT WARNING * * *
The orc priest calls down the wrath of Beogh upon you.
Beogh smites you!
You die...

# # #. .##
.## ##..#
.. ....###
#.#.......
#.oz☼.....
#@# #o#
#.# #.#
..# ..#
.## #.


You could see a wight, an orc priest and an orc wizard (fast).

Vanquished Creatures
  A two-headed ogre (D:8)
  A troll (D:9)
  Prince Ribbit (D:6)
  A hippogriff (D:9)
  A wyvern (D:7)
  Menkaure (D:7)
  A steam dragon (D:9)
  Duvessa (D:6)
  4 orc warriors
  3 black bears
  A sky beast (D:7)
  2 ice beasts (D:9)
  A phantom (D:4)
  4 ogres
  3 centaurs
  A crocodile (D:8)
  3 bullfrogs
  A gnoll sergeant (D:3)
  Dowan (D:6)
  2 scorpions
  5 killer bees (D:5)
  2 wights (D:10)
  A centaur zombie (D:6)
  2 bullfrog zombies
  4 hounds
  3 jellies (D:9)
  A quasit (D:9)
  A centaur skeleton (D:6)
  7 orc priests
  A bullfrog skeleton (D:7)
  7 orc wizards
  3 iguanas (D:7)
  8 worker ants
  3 hound zombies
  2 hound skeletons
  6 gnolls (D:3)
  A worker ant zombie (D:6)
  10 adders
  A shadow imp (D:5)
  2 oozes
  4 ufetubi
  An adder skeleton (D:6)
  4 worms
  4 dart slugs
  5 leopard geckos
  38 orcs
  10 giant cockroaches
  10 goblins
  10 hobgoblins
  9 jackals
  6 kobolds
  3 quokkas
  2 ball pythons (D:1)
  8 bats
  4 frilled lizards
  A jackal skeleton (D:6)
  A leopard gecko skeleton (D:4)
  2 quokka skeletons
  7 rats
233 creatures vanquished.

Notes
Turn   | Place    | Note
-------+----------+-------------------------------------------
     0 | D:1      | kae the Hill Orc Fighter began the quest for the Orb.
     0 | D:1      | Reached XP level 1. HP: 19/19 MP: 1/1
    86 | D:1      | Reached skill level 3 in Axes
   197 | D:1      | Reached XP level 2. HP: 27/27 MP: 2/2
   702 | D:2      | Reached skill level 4 in Axes
   720 | D:2      | Reached XP level 3. HP: 26/33 MP: 3/3
  1628 | D:3      | Reached XP level 4. HP: 41/41 MP: 4/4
  1639 | D:3      | You fall into a shaft and drop 2 floors!
  1639 | D:5      | Entered Level 5 of the Dungeon
  1639 | D:5      | Noticed a centaur
  1647 | D:5      | Killed a centaur
  1647 | D:5      | Reached skill level 5 in Axes
  1647 | D:5      | Reached XP level 5. HP: 30/47 MP: 5/5
  1723 | D:5      | Reached skill level 6 in Axes
  1766 | D:5      | Noticed a centaur
  1790 | D:5      | Killed a centaur
  1790 | D:5      | Reached skill level 5 in Fighting
  1790 | D:5      | Reached XP level 6. HP: 12/56 MP: 6/6
  2077 | D:5      | Found Illeix's Weapon Shop.
  2353 | D:5      | Reached skill level 7 in Axes
  2674 | D:5      | Reached skill level 8 in Axes
  2674 | D:5      | Reached XP level 7. HP: 55/63 MP: 7/7
  3024 | D:4      | Found a staircase to the Ecumenical Temple.
  3190 | Temple   | Entered the Ecumenical Temple
  3330 | Temple   | Became a worshipper of Qazlal Stormbringer
  3399 | D:4      | Found an iron altar of Okawaru.
  3489 | D:4      | Reached skill level 9 in Axes
  3489 | D:4      | Reached skill level 1 in Invocations
  3830 | D:3      | HP: 3/64 [poisoned by a gnoll]
  4301 | D:3      | Reached XP level 8. HP: 40/71 MP: 9/9
  4487 | D:3      | Reached * piety under Qazlal
  4788 | D:3      | Found a transporter.
  4792 | D:3      | Found a transporter.
  4792 | D:3      | Noticed Sassenached's ghost (weakling DgWn)
  5583 | D:6      | Reached skill level 10 in Axes
  5584 | D:6      | Noticed Prince Ribbit
  5601 | D:6      | Killed Prince Ribbit
  5615 | D:6      | Noticed Duvessa
  5934 | D:6      | Noticed Dowan
  5942 | D:6      | Reached skill level 11 in Axes
  5945 | D:6      | Killed Duvessa
  5949 | D:6      | Killed Dowan
  5949 | D:6      | Reached XP level 9. HP: 58/81 MP: 12/12
  6049 | D:6      | Reached skill level 5 in Invocations
  6057 | D:6      | Reached ** piety under Qazlal
  7034 | D:7      | Reached skill level 12 in Axes
  7068 | D:7      | Noticed Menkaure
  7076 | D:7      | Killed Menkaure
  7612 | D:8      | Noticed a two-headed ogre
  7622 | D:8      | Killed a two-headed ogre
  7622 | D:8      | Reached skill level 13 in Axes
  7622 | D:8      | Reached XP level 10. HP: 33/91 MP: 13/15
  7917 | D:8      | Found Retehuhi's Book Shop.
  8036 | D:8      | Reached *** piety under Qazlal
  9090 | D:9      | Found a staircase to the Orcish Mines.
  9102 | D:9      | Reached skill level 10 in Fighting
  9376 | D:9      | Found a roughly hewn altar of Beogh.
  9396 | D:9      | Reached skill level 14 in Axes
  9969 | D:9      | Reached **** piety under Qazlal
 10165 | D:10     | Entered Level 10 of the Dungeon
 10181 | D:10     | HP: 2/94 [orc wizard/magic dart (4)]
 10181 | D:10     | Killed from afar by an orc priest

Illustrated notes

Levels and vault maps discovered:
D:1:      dpeg_arrival_central, layout_basic
D:2:      layout_basic
D:3:      minmay_razor_zed, layout_basic, gammafunk_ghost_arena
D:4:      layout_gridville, okawaru_metal_pillars_1_2,
          minmay_temple_entry_statues
D:5:      layout_basic, serial_shops, shop, nrook_campfire
D:6:      layout_cave_pools, chequers_serial_rivers_room_a, uniq_prince_ribbit1,
          uniq_duvessa
D:7:      layout_gridville, serial_glass, glass_columns_a, glass_columns_a,
          uniq_menkaure
D:8:      layout_basic, serial_shops, shop_fountains
D:9:      layout_small_grid, minmay_orc_entry_temple_small
D:10:     minmay_the_grid_triangle_9x9_recursive_2_mashed
          [minmay_the_grid_triangle_9x9_prize_top_heavy,
          minmay_the_grid_triangle_9x9_zippers_horizontal,
          minmay_the_grid_triangle_9x9_corruption,
          minmay_the_grid_triangle_9x9_tough_junction], layout_loops_ring,
          serial_shops, shop
Temple:   regret_index_temple_sigil_plot

Skill      XL: |  1  2  3  4  5  6  7  8  9 10 |
---------------+-------------------------------+-----
Axes           | 3 4 5 6 8 9 11 13 14 | 14.5
Fighting       | 4 5 6 8 9 10 | 10.3
Invocations    | 1 4 7 8 |  8.7
Armour         | |  3.2
Shields        | |  3.2

Action                   |  1- 3 |  4- 6 |  7- 9 | 10-12 || total
-------------------------+-------+-------+-------+-------++-------
Melee: War axe           |    98 |    56 |   346 |   184 ||   684
  Use: Scroll            |    10 |       |     8 |     2 ||    20
       Potion            |       |     4 |     1 |       ||     5
Armor: Scale mail        |    44 |    26 |    88 |    24 ||   182
Dodge: Dodged            |    40 |    15 |    93 |    41 ||   189
Block: Kite shield       |    43 |    34 |   175 |    88 ||   340

Table legend: (Time is in decaauts)
 A = Elapsed time spent in this place.
 B = Non-inter-level travel time spent in this place.
 C = Inter-level travel time spent in this place.
 D = Time resting spent in this place.
 E = Time spent auto-exploring this place.
 F = Levels seen in this place.
 G = Mean time per level.
                   A        B        C        D        E       F      G
               +--------+--------+--------+--------+--------+-----+--------+
         Total |  10219 |   9807 |    412 |   3080 |   5226 |  11 |  929.0 |
       Dungeon |  10056 |   9693 |    363 |   3080 |   5114 |  10 | 1005.6 |
        Temple |    162 |    113 |     49 |      0 |    112 |   1 |  162.0 |
               +--------+--------+--------+--------+--------+-----+--------+

Top non-repeatable levels by time:
     D:3: 1852 daAuts
     D:5: 1708 daAuts
     D:8: 1407 daAuts
     D:9: 1219 daAuts
     D:2: 891 daAuts
     D:7: 869 daAuts
     D:6: 860 daAuts
     D:1: 658 daAuts
     D:4: 575 daAuts
  Temple: 162 daAuts
    D:10: 14 daAuts
